AoeStats
← guigzz

Enclosed

504482964Analyzed
1v1 RM · 26d ago on Sep 5, 2026· 39m 25s· 2 players
Game mode
Random Map
Map size
Tiny (2 player)
Population
200
Speed
Normal
Resources
Standard
Victory
Conquest
Starting age
Dark Age
Ending age
Imperial Age
RankedLock teamsTeams togetherTeam positionsShared explorationLock speedFull tech treeHidden civsTurbo modeCheats
Victory
Defeat
🇨🇦 Teutons · Canada
584
+29
🇳🇱 Franks · Netherlands
582
-22
Ceylan015472
12:58 Feudal Age
13:46 Loom
13:47 Town Watch
15:20 Double-Bit Axe
15:30 Gold Mining
17:22 Scale Barding Armor
17:31 Forging
23:49 Castle Age
24:44 Town Patrol
38:40 Imperial Age
guigzz
9:56 Feudal Age
8:58 Loom
11:25 Wheelbarrow
10:52 Horse Collar
13:12 Double-Bit Axe
15:11 Gold Mining
19:18 Forging
23:14 Castle Age
21:42 Scale Mail Armor
24:13 Man-at-Arms
26:21 Iron Casting
25:10 Long Swordsman
26:39 Stone Mining
27:36 Chain Mail Armor
31:04 Squires
34:29 Imperial Age
34:00 Ballistics
33:54 Masonry
33:33 Gambesons
33:12 Pikeman
33:53 Fletching
36:58 Stone Shaft Mining
Connection lost

Rejoining the realm…

Still unreachable

The connection could not be restored.

Session expired

The server has moved on; the page needs a fresh start.